 Dungeon Crawl Stone Soup version 0.25-a0-464-g3004169c2b (webtiles) character file.

Game seed: 12291859732870663771, levelgen mode: deterministic

406 ChaosChampion the Magician (level 6, 0/32 HPs)
             Began as a Deep Elf Wizard on Feb 5, 2020.
             Slain by an orc wizard
             ... wielding a +0 dagger
              (4 damage)
             ... on level 3 of the Dungeon.
             The game lasted 00:14:12 (3975 turns).

ChaosChampion the Magician (Deep Elf Wizard)        Turns: 3975, Time: 00:14:12

Health: 0/32       AC:  6    Str:  4    XL:     6   Next: 56%
Magic:  13/18      EV: 13    Int: 25    God:
Gold:   119        SH:  0    Dex: 13    Spells: 12/20 levels left

rFire    . . .     SeeInvis .   (no weapon)
rCold    . . .     Gourm    .   (no shield)
rNeg     . . .     Faith    .   a - +0 robe
rPois    .         Spirit   .   i - +1 hat
rElec    .         Reflect  .   k - +2 cloak
rCorr    .         Harm     .   (no gloves)
MR       .....                  (no boots)
Stlth    +.........             (no amulet)
HPRegen  0.10/turn              (no ring)
MPRegen  0.16/turn              (no ring)

@: confused
A: no striking features
a: no special abilities


You were on level 3 of the Dungeon.
You were very hungry.

You visited 1 branch of the dungeon, and saw 4 of its levels.
You also visited: Sewer.

You collected 119 gold pieces.

Inventory:

Missiles
 h - 6 curare-tipped darts (quivered)
Armour
 a - a +0 robe (worn)
 i - a +1 hat (worn)
 k - a +2 cloak (worn)
Scrolls
 b - a scroll of magic mapping {unknown}
 c - a scroll of amnesia {unknown}
 e - 3 scrolls of remove curse
 g - 3 scrolls of enchant weapon {unknown}
 j - a scroll of identify
 m - a scroll of teleportation {unknown}
Potions
 f - 5 potions of agility
 l - a potion of lignification {unknown}
 n - 4 potions of curing {unknown}
 o - 2 potions of magic {unknown}
 p - a potion of ambrosia {unknown}
 q - 4 potions of flight {unknown}
 r - a potion of brilliance {unknown}
 s - 2 potions of heal wounds {unknown}
Comestibles
 d - 8 rations


   Skills:
 - Level 2.4 Dodging
 - Level 2.4 Stealth
 * Level 7.7 Spellcasting
 * Level 5.2 Conjurations
 - Level 1.1 Summonings
 - Level 1.1 Translocations


You had 12 spell levels left.
You knew the following spells:

 Your Spells              Type           Power        Failure   Level  Hunger
a - Magic Dart            Conj           ####         1%          1    None
b - Blink                 Tloc           N/A          6%          2    None
c - Call Imp              Summ           ###.....     6%          2    None
d - Mephitic Cloud        Conj/Pois/Air  ###.....     9%          3    None

Your spell library contained the following spells:

 Spells                   Type           Power        Failure   Level  Hunger
 Conjure Flame            Conj/Fire      ###.....     6%          3    None
 Slow                     Hex            #.......     10%         2    None


Dungeon Overview and Level Annotations

Branches:
Dungeon (4/15)              Sewer (visited)
 Temple: D:4-7

Altars:
Dithmenos
Elyvilon
Xom


Message History

You swap places.
You hear some strange, mumbled words.
You are confused.
Are you sure you want to stumble around while confused and next to your iron imp? [Y]es or [N]o only, please.
Are you sure you want to stumble around while confused and next to your iron imp?
Okay, then.
Something barely misses you. Something barely misses you. Something hits you.
* * * LOW HITPOINT WARNING * * *
You hear some strange, mumbled words.
You are more confused.
Something hits you but does no damage. Something hits you.
* * * LOW HITPOINT WARNING * * *
Something hits you.
* * * LOW HITPOINT WARNING * * *
Something hits you.
You die...

#.# #.# #....# #.#
#######.##########....### #.#
#...........)....'....'.# #.#
#.#####.##########..).#.# #.#
#.#...#.#........'..).#.# #.#
#.#.#.#.#.########....#.#
#.###†#.#.#.#.##.....'....#.#####
................55.>##....#.#....
#.......#.....##@##.#######.#.###
................5{..# #.#.#
#.##....#.######.#..# #.#.#
#.###'#.#.# #)##.#######.#.#
#'###.#.#.######.##.#.......#.#
....#.#.#.#....#.##........##.###
....#.#.#.#.##.#.##.....#..##.#..
....#.#.#.#.##.#.#.....###......#
#'###.#.#.#....#...##..###..##...


You could see a friendly iron imp, a friendly crimson imp and a friendly white
imp.

Vanquished Creatures
  10 adders
  2 river rats (Sewer)
  3 worms
  2 dart slugs
  6 leopard geckos
  11 orcs
  7 giant cockroaches
  9 hobgoblins
  5 jackals
  14 kobolds
  3 quokkas
  3 ball pythons (Sewer)
  3 bats
  6 frilled lizards
  6 goblins
  13 rats
103 creatures vanquished.

Vanquished Creatures (collateral kills)
  Sigmund (D:3)
  A big kobold (Sewer)
  3 river rats (Sewer)
  A leopard gecko (D:3)
  8 kobolds (Sewer)
  9 rats
23 creatures vanquished.

Grand Total: 126 creatures vanquished

Notes
Turn   | Place    | Note
-------+----------+-------------------------------------------
     0 | D:1      | ChaosChampion the Deep Elf Wizard began the quest for the
                  | Orb.
     0 | D:1      | Reached XP level 1. HP: 10/10 MP: 7/7
   266 | D:1      | Reached XP level 2. HP: 15/15 MP: 6/9
   270 | D:1      | Learned a level 2 spell: Blink
   453 | D:1      | Reached skill level 5 in Spellcasting
   817 | D:2      | Reached XP level 3. HP: 19/19 MP: 1/11
  1044 | D:2      | Learned a level 2 spell: Call Imp
  1048 | D:2      | Learned a level 3 spell: Mephitic Cloud
  1378 | D:2      | Found a shimmering altar of Xom.
  1563 | D:3      | Found a shadowy altar of Dithmenos.
  1575 | D:3      | Noticed Sigmund
  1664 | D:3      | Killed Sigmund
  1664 | D:3      | Reached skill level 6 in Spellcasting
  1664 | D:3      | Reached XP level 4. HP: 7/24 MP: 0/14
  1664 | D:3      | Reached XP level 5. HP: 8/28 MP: 0/16
  2455 | D:3      | Reached skill level 7 in Spellcasting
  2462 | D:3      | Found a white marble altar of Elyvilon.
  3059 | D:4      | Found a glowing drain.
  3068 | D:4      | Reached XP level 6. HP: 32/32 MP: 10/18
  3076 | Sewer    | Entered a sewer
  3288 | Sewer    | Reached skill level 5 in Conjurations
  3975 | D:3      | Slain by an orc wizard

Levels and vault maps discovered:
D:1:      minmay_arrival_four_houses, layout_loops_ring
D:2:      minmay_wonky_spiral, layout_rooms, old_standard_altar, first_ration
D:3:      layout_basic, nicolae_overflow_crystal_walls,
          nicolae_dithmenos_shadow_blocks, uniq_sigmund
D:4:      layout_layer_cave, serial_shops, kennysheep_little_box,
          gup_sewer_entry_pipe

Skill      XL: |  1  2  3  4  5  6 |
---------------+-------------------+-----
Conjurations   | 2 4 5 |  5.2
Spellcasting   | 5 6 7 |  7.7
Dodging        | |  2.4
Stealth        | |  2.4
Summonings     | |  1.1
Translocations | |  1.1

Action                   |  1- 3 |  4- 6 || total
-------------------------+-------+-------++-------
Melee: Unarmed           |     6 |    29 ||    35
 Cast: Magic Dart        |   107 |   153 ||   260
       Call Imp          |     3 |    20 ||    23
       Mephitic Cloud    |     1 |     1 ||     2
  Use: Scroll            |     2 |       ||     2
 Stab: Distracted        |       |     2 ||     2
       Confused          |       |     1 ||     1
  Eat: Chunk             |     2 |     6 ||     8
Armor: Robe              |    11 |    13 ||    24
Dodge: Dodged            |    35 |    50 ||    85

Table legend:
 A = Non-vault XP
 B = Vault XP
 C = Vault XP percentage of total XP
 D = Non-vault monster count
 E = Vault monster count
 F = Vault count percentage of total count
                 A         B        C        D         E       F
            +---------+---------+-------+---------+---------+-------
      Total |     209 |     372 |  64.0 |      67 |      59 |  46.8
            +---------+---------+-------+---------+---------+-------
        D:1 |      25 |       0 |   0.0 |      13 |       0 |   0.0
        D:2 |      32 |       7 |  17.9 |      18 |       2 |  10.0
        D:3 |     121 |     146 |  54.7 |      31 |       1 |   3.1
        D:4 |      31 |      21 |  40.4 |       5 |       8 |  61.5
      Sewer |       0 |     198 | 100.0 |       0 |      48 | 100.0
            +---------+---------+-------+---------+---------+-------
